AoeStats
← Kryptzel

Arena

507191552Analyzed
4v4 RM · 16d ago on Sep 17, 2026· 71m 11s· 8 players
Game mode
Random Map
Map size
Large (8 player)
Population
200
Speed
Normal
Resources
Standard
Victory
Conquest
Starting age
Dark Age
Ending age
Imperial Age
RankedLock teamsTeams togetherTeam positionsShared explorationLock speedFull tech treeHidden civsTurbo modeCheats
Victory
Defeat
🇲🇽 Lithuanians · Mexico
962
+5
🇲🇽 Celts · Mexico
888
+7
🇺🇸 Teutons · United States
773
+10
🇲🇽 Gurjaras · Mexico
688
+13
🇧🇷 Wei · Brazil
686
-11
🇧🇷 Wu · Brazil
672
-9
🇺🇸 Britons · United States
662
-9
🇵🇪 Poles · Peru
579
-6
GUSTAVO-nardes
0:29 Loom
11:21 Feudal Age
12:05 Double-Bit Axe
17:31 Horse Collar
21:00 Wheelbarrow
24:12 Castle Age
24:03 Bloodlines
24:25 Fletching
27:57 Bodkin Arrow
28:09 Scale Barding Armor
31:43 Bow Saw
34:38 Imperial Age
34:39 Forging
35:23 Bracer
37:44 Iron Casting
39:43 Padded Archer Armor
43:06 Parthian Tactics
42:52 Pikeman
47:08 Light Cavalry
47:50 Husbandry
51:57 Hussar
55:50 Halberdier
Dumbzie
0:30 Loom
12:06 Feudal Age
21:47 Castle Age
20:01 Stone Mining
20:15 Double-Bit Axe
20:33 Horse Collar
20:57 Gold Mining
24:37 Heavy Plow
32:21 Imperial Age
30:33 Padded Archer Armor
30:24 Fletching
31:48 Wheelbarrow
30:59 Town Watch
31:45 Caravan
33:09 Leather Archer Armor
33:19 Ballistics
33:15 Bodkin Arrow
37:44 Chemistry
36:55 Fortified Wall
37:21 Ring Archer Armor
36:51 Bracer
36:36 Elite Longbowman
37:41 Conscription
40:14 Gambesons
39:49 Pikeman
40:30 Squires
40:15 Arson
41:31 Warwolf
41:43 Warwolf
46:50 Halberdier
48:16 Forging
48:06 Scale Mail Armor
50:54 Murder Holes
56:17 Man-at-Arms
58:29 Iron Casting
58:10 Chain Mail Armor
60:21 Blast Furnace
Matheus wn8088
7:35 Loom
10:53 Feudal Age
11:20 Double-Bit Axe
19:37 Castle Age
18:38 Bloodlines
18:20 Fletching
19:10 Gold Mining
20:36 Padded Archer Armor
21:29 Light Cavalry
22:06 Bodkin Arrow
26:45 Ballistics
25:55 Crossbowman
26:39 Husbandry
26:52 Forging
31:07 Leather Archer Armor
32:00 Gold Shaft Mining
33:24 Horse Collar
36:19 Wheelbarrow
37:42 Hand Cart
37:37 Town Watch
39:12 Iron Casting
41:10 Imperial Age
42:26 Arbalester
43:10 Bracer
42:38 Hussar
44:24 Scale Barding Armor
46:22 Blast Furnace
46:21 Chain Barding Armor
47:56 Heavy Plow
48:10 Bow Saw
55:41 Pikeman
56:22 Squires
56:07 Arson
56:19 Halberdier
63:13 Plate Barding Armor
Kryptzel
12:25 Feudal Age
13:49 Wheelbarrow
12:55 Horse Collar
13:02 Double-Bit Axe
18:58 Gold Mining
22:05 Castle Age
20:30 Stone Mining
21:50 Man-at-Arms
23:03 Hand Cart
23:01 Heavy Plow
24:23 Long Swordsman
26:00 Forging
25:43 Treadmill Crane
33:24 Stone Shaft Mining
37:27 Imperial Age
35:33 Squires
35:20 Arson
36:12 Iron Casting
36:49 Fortified Wall
37:46 Two-Handed Swordsman
40:05 Champion
40:49 Scale Mail Armor
43:23 Onager
dokoenig3
12:09 Feudal Age
17:59 Castle Age
16:10 Double-Bit Axe
18:58 Horse Collar
19:32 Bow Saw
19:17 Town Watch
21:06 Wheelbarrow
20:20 Loom
23:09 Stone Mining
23:09 Gold Mining
24:57 Fortified Wall
25:47 Caravan
26:17 Coinage
26:56 Coinage
28:28 Stone Shaft Mining
32:41 Imperial Age
30:27 Hand Cart
32:05 Ironclad
32:48 Arson
33:04 Squires
32:49 Gambesons
32:25 Pikeman
34:00 Banking
34:02 Capped Ram
35:53 Hoardings
35:40 Conscription
37:23 Chemistry
36:44 Ballistics
36:35 Halberdier
37:27 Forging
37:17 Scale Mail Armor
37:13 Fletching
37:23 Padded Archer Armor
37:24 Onager
37:30 Elite Skirmisher
37:35 Elite Teutonic Knight
39:01 Siege Onager
40:46 Guilds
43:01 Iron Casting
42:41 Chain Mail Armor
42:24 Bodkin Arrow
42:44 Leather Archer Armor
42:39 Scale Barding Armor
42:53 Masonry
43:22 Bombard Tower
57:11 Crenellations
59:44 Two-Man Saw
60:13 Blast Furnace
59:44 Plate Mail Armor
59:47 Ring Archer Armor
59:38 Chain Barding Armor
giovannivmla
10:45 Feudal Age
11:34 Double-Bit Axe
11:30 Horse Collar
17:45 Castle Age
16:16 Stone Mining
18:42 Gold Mining
19:28 Stone Shaft Mining
22:58 Bow Saw
30:06 Elite Skirmisher
31:04 Forging
30:55 Scale Mail Armor
34:38 Wheelbarrow
33:48 Town Watch
36:46 Imperial Age
35:00 Iron Casting
34:16 Fletching
34:50 Chain Mail Armor
36:22 Ballistics
35:56 Fletching
36:06 Padded Archer Armor
37:48 Hand Cart
37:09 Capped Ram
38:51 Heavy Plow
45:50 Blast Furnace
45:21 Plate Mail Armor
44:47 Bodkin Arrow
45:08 Leather Archer Armor
45:52 Conscription
46:24 Gold Shaft Mining
46:33 Elite Woad Raider
47:24 Furor Celtica
48:24 Chemistry
49:01 Crossbowman
52:34 Ring Archer Armor
56:29 Caravan
69:46 Town Patrol
69:35 Loom
71:14 Masonry
70:45 Treadmill Crane
70:55 Heated Shot
SATANAS
5:06 Loom
12:28 Feudal Age
17:29 Double-Bit Axe
20:03 Horse Collar
25:07 Castle Age
28:06 Heavy Plow
28:20 Bow Saw
29:34 Gold Mining
30:44 Scale Barding Armor
30:40 Scale Mail Armor
34:10 Stone Mining
34:56 Gold Shaft Mining
34:28 Husbandry
37:21 Chain Barding Armor
41:15 Chain Mail Armor
41:11 Forging
40:51 Fletching
41:02 Padded Archer Armor
45:58 Iron Casting
45:19 Bodkin Arrow
49:03 Stone Shaft Mining
53:54 Imperial Age
54:42 Ballistics
54:13 Heated Shot
54:04 Treadmill Crane
54:35 Masonry
54:36 Fortified Wall
54:22 Murder Holes
53:56 Elite Shrivamsha Rider
55:03 Town Watch
57:02 Heavy Camel Rider
58:40 Plate Barding Armor
58:36 Plate Mail Armor
58:07 Bracer
67:59 Coinage
Oscar_rider
11:21 Feudal Age
9:48 Loom
12:47 Double-Bit Axe
12:44 Horse Collar
18:01 Castle Age
16:40 Scale Barding Armor
17:44 Bloodlines
18:27 Wheelbarrow
19:18 Bow Saw
19:27 Heavy Plow
19:34 Husbandry
23:28 Town Watch
25:28 Treadmill Crane
27:16 Forging
27:36 Chain Barding Armor
34:10 Imperial Age
34:44 Cavalier
36:02 Plate Barding Armor
35:59 Fortified Wall
36:14 Ballistics
35:46 Heated Shot
37:00 Chemistry
36:41 Crop Rotation
37:16 Two-Man Saw
37:00 Iron Casting
40:41 Guilds
40:33 Caravan
41:26 Conscription
43:28 Paladin
54:40 Hoardings
56:00 Elite Leitis
62:48 Murder Holes
63:05 Masonry
62:46 Heated Shot
65:55 Hand Cart
65:50 Town Patrol
69:22 Spies/Treason
70:27 Gold Mining
70:30 Stone Mining
71:53 Architecture
Connection lost

Rejoining the realm…

Still unreachable

The connection could not be restored.

Session expired

The server has moved on; the page needs a fresh start.